 Dungeon Crawl Stone Soup version 0.28.0-53-g5a82cb258f (webtiles) character file.

Game seed: 10274676076388689146

50 Peloso the Skirmisher (level 3, -1/33 HPs)
             Began as a Minotaur Fighter on June 1, 2022.
             Slain by Terence
             ... wielding a +1 vorpal falchion
              (6 damage)
             ... on level 2 of the Dungeon.
             The game lasted 00:01:37 (1072 turns).

Peloso the Skirmisher (Minotaur Fighter)            Turns: 1072, Time: 00:01:38

Health: -1/33      AC:  8    Str: 20    XL:     3   Next: 55%
Magic:  2/2        EV:  9    Int:  5    God:
Gold:   54         SH:  4    Dex: 11    Spells: 2/2 levels left

rFire   . . .      SeeInvis .   a - +0 long sword
rCold   . . .      Faith    .   c - +0 buckler
rNeg    . . .      Spirit   .   b - +0 scale mail
rPois   .          Reflect  .   (helmet restricted)
rElec   .          Harm     .   (no cloak)
rCorr   .          Rampage  .   (no gloves)
Will    .....                   e - +0 pair of boots
Stlth   ..........              g - amulet of regeneration
HPRegen 0.91/turn               (no ring)
MPRegen 0.08/turn               (no ring)

@: attractive, slowed, very slow
A: horns 2, retaliatory headbutt
a: no special abilities


You were on level 2 of the Dungeon.
You visited 1 branch of the dungeon, and saw 2 of its levels.

You collected 54 gold pieces.

Inventory:

Hand Weapons
 a - a +0 long sword (weapon)
Armour
 b - a +0 scale mail (worn)
 c - a +0 buckler (worn)
 e - a +0 pair of boots (worn)
Jewellery
 g - an amulet of regeneration (around neck)
Potions
 d - a potion of might


   Skills:
 + Level 4.3 Fighting
 + Level 2.9 Long Blades
 + Level 4.2 Armour
 + Level 0.3 Dodging
 + Level 4.2 Shields


You had 2 spell levels left.
You didn't know any spells.
Your spell library was empty.

Dungeon Overview and Level Annotations

Branches:
Dungeon (2/15)

Altars:

Annotations:
D:2 1 runed translucent door, Crazy Yiuf, Natasha, Terence


Innate Abilities, Weirdness & Mutations

You have a pair of horns on your head.
You reflexively headbutt those who attack you in melee.


Message History

The giant cockroach closely misses you. Terence closely misses you.
The giant cockroach bites you but does no damage.
Terence says, "Don't bother to defend, it's pointless."
Terence hits you with a +1 vorpal falchion!
Natasha mumbles some strange words.
The giant cockroach closely misses you. You furiously retaliate!
You headbutt the giant cockroach. You barely miss Terence.
Terence is moderately wounded.
The giant cockroach bites you but does no damage.
Terence hits you with a +1 vorpal falchion.
The white imp shouts, "Flee, thou loggerheaded guts-griping haggard!"
Terence hits you but does no damage.
The giant cockroach bites you but does no damage.
Natasha mewls in sadness.
You hit Terence. You headbutt Terence.
Terence is heavily wounded.
The giant cockroach bites you but does no damage.
Terence closely misses you.
The giant cockroach bites you but does no damage.
Terence hits you with a +1 vorpal falchion.
The giant cockroach barely misses you.
You hit Terence. You headbutt Terence, but do no damage.
Terence is heavily wounded.
Terence barely misses you. You furiously retaliate!
You headbutt Terence. Natasha casts a spell at you. The magic dart hits you!
* * * LOW HITPOINT WARNING * * *
The giant cockroach closely misses you. You block Natasha's attack.
Terence closely misses you. You furiously retaliate!
You headbutt Terence, but do no damage. You block the giant cockroach's attack.
It was a potion of attraction.
You feel attractive to monsters. The giant cockroach closely misses you.
Natasha closely misses you. You furiously retaliate!
You headbutt Natasha. Terence hits you but does no damage.
The white imp hits you but does no damage.
The giant cockroach barely misses you. Natasha closely misses you.
Terence hits you with a +1 vorpal falchion.
You die...

.# #### #'## ....
##...## ##.....##
##.......##
.####.........#
....'..@B.....+
#.h@......#
##5......##
##.....## ##...##
##'## #.# #.# #
##.######8###8#
#####...##.'.......


You could see Terence, Natasha, a white imp (summoned) and a giant cockroach.

Vanquished Creatures
  Natasha (D:2)
  An adder (D:2)
  2 ball pythons
  An endoplasm (D:1)
  A giant cockroach (D:1)
  2 goblins (D:2)
  2 hobgoblins (D:2)
  2 quokkas (D:2)
  A bat (D:1)
  2 frilled lizards (D:1)
  A kobold (D:2)
16 creatures vanquished.

Vanquished Creatures (others)
  4 fungi (D:2)
4 creatures vanquished.

Grand Total: 20 creatures vanquished

Notes
Turn   | Place    | Note
-------+----------+-------------------------------------------
     0 | D:1      | Peloso the Minotaur Fighter began the quest for the Orb.
     0 | D:1      | Reached XP level 1. HP: 19/19 MP: 0/0
   671 | D:2      | Reached XP level 2. HP: 26/27 MP: 1/1
   864 | D:2      | Noticed Natasha
   869 | D:2      | Killed Natasha
   870 | D:2      | Reached XP level 3. HP: 26/33 MP: 2/2
   887 | D:2      | Found a runed translucent door.
   888 | D:2      | Noticed Crazy Yiuf
  1062 | D:2      | Noticed Terence
  1066 | D:2      | Noticed Natasha
  1072 | D:2      | Slain by Terence

Illustrated notes

Levels and vault maps discovered:
D:1:      heliophobic_arrival_enchanted_forest, layout_rooms,
          corexii_leaking_fountain
D:2:      layout_loops_corners, dk_noncrumbling_2, uniq_terence,
          uniq_crazy_yiuf_cottage, uniq_natasha

Skill      XL: |  1  2 |
---------------+-------+-----
Shields        | 4 |  4.2
Fighting       | 4 |  4.3
Armour         | 4 |  4.2
Long Blades    | |  2.9
Dodging        | |  0.3

Action                   || total
-------------------------++-------
Melee: Long sword        ||    37
       Headbutt          ||     9
  Use: Potion            ||     4
       Scroll            ||     2
Armor: Scale mail        ||    29
Dodge: Dodged            ||    19
Block: Buckler           ||    10
